Map: Dusk Towers

Players

Walküre - Winner!

  • Race: Terran Terran
  • League: Grandmaster

Miszu

  • Race: Terran Terran
  • League: Grandmaster

VOD

Have the link to the VOD?

Description

Time

  • Played on: June 4, 2016, 4:11 p.m.
  • Length: 10:51
Show
View Real Time Build Order
Export as new Build Order

Walküre Terran - Winner!

Build Orders: Reaper Expand 

Get SALT Encoding   

  12  0:01  SCV  
  13  0:13  SCV  
  14  0:17  Supply Depot  
  14  0:25  SCV  
  15  0:39  SCV  
  15  0:41  Barracks  
  16  0:44  Refinery  
  16  0:52  SCV  
  17  1:04  SCV  
  18  1:16  SCV  
  19  1:29  Reaper  
  19  1:30  Orbital Command  
  20  1:43  Command Center  
  20  1:55  SCV  
  20  1:56  Supply Depot  
  20  2:00  Refinery  
  21  2:03  Marine  
  23  2:08  SCV  
  23  2:20  Factory, SCV  
  24  2:23  Barracks Reactor  
  24  2:32  SCV  
  25  2:44  SCV  
  26  2:56  Orbital Command  
  26  2:57  SCV  
  27  3:05  Starport  
  27  3:09  Hellion x2, SCV  
  32  3:14  Armory  
  32  3:19  Barracks Tech Lab  
  32  3:21  SCV  
  32  3:22  SCV  
  34  3:31  Hellion x2  
  34  3:33  SCV  
  37  3:35  SCV  
  36  3:43  Marauder  
  36  3:45  SCV  
  36  3:47  SCV  
  40  3:49  Viking  
  40  3:51  Supply Depot  
  40  3:57  Hellion  
  40  4:01  Hellion  
  44  4:04  SCV  
  44  4:05  SCV  
  46  4:16  SCV  
  48  4:17  SCV  
  48  4:18  Hellion  
  48  4:23  Hellion  
  52  4:29  SCV x2  
  48  4:39  Raven  
  48  4:41  SCV x2  
  52  4:47  Barracks Reactor, Command Center  
  52  4:49  Terran Vehicle And Ship Armor Level 1  
  52  4:53  SCV x2  
  54  5:00  Supply Depot, Refinery  
  54  5:01  Refinery  
  54  5:03  Supply Depot  
  54  5:05  Supply Depot, Engineering Bay  
  54  5:22  Hellion x2, SCV x2  
  60  5:32  Factory  
  60  5:33  Viking x2  
  60  5:34  SCV  
  65  5:36  SCV  
  65  5:42  Missile Turret  
  64  5:46  Hellion x2, SCV  
  64  5:48  SCV  
  70  5:53  Missile Turret  
  70  5:58  SCV  
  70  6:00  SCV x2  
  73  6:05  Medivac x2  
  73  6:10  SCV  
  78  6:15  Infernal Pre-Igniter  
  78  6:18  Hellion, Cyclone  
  84  6:19  Hellion, Orbital Command  
  84  6:23  Supply Depot  
  86  6:31  Barracks Reactor  
  86  6:33  Factory  
  86  6:34  Factory  
  86  6:39  SCV  
  87  6:46  Orbital Command  
  87  6:48  Hellion  
  87  6:49  Hellion  
  87  6:50  Medivac x2  
  87  6:53  SCV x2  
  95  7:05  SCV  
  95  7:06  SCV  
  95  7:07  Refinery  
  97  7:12  Refinery  
  97  7:14  Factory, Hellion x2  
  101  7:20  Factory Reactor  
  101  7:21  Factory Tech Lab  
  101  7:38  Terran Vehicle Weapons Level 1  
  101  7:39  Armory  
  101  7:54  Hellion  
  101  7:55  Viking  
  101  8:05  SCV x2  
  101  8:06  Viking  
  101  8:13  Hellion, Factory Tech Lab  
  101  8:15  Supply Depot, Hellion x3, Siege Tank, SCV  
  101  8:16  Supply Depot  
  101  8:17  SCV x2  
  111  8:24  Sensor Tower  
  111  8:25  Sensor Tower  
  111  8:27  SCV  
  111  8:29  Command Center  
  111  8:30  SCV x2  
  111  8:33  Terran Vehicle And Ship Armor Level 2  
  111  8:34  Siege Tank  
  117  8:36  Supply Depot  
  117  8:39  SCV  
  118  8:42  SCV x2  
  118  8:47  Supply Depot, Siege Tank  
  123  8:51  SCV  
  123  8:52  Hellion x3, Siege Tank  
  133  8:57  Missile Turret  
  133  9:00  Viking x2  
  127  9:16  Hellion x3, Siege Tank  
  120  9:19  Siege Tank  
  120  9:20  SCV  
  120  9:24  Siege Tank  
  121  9:32  Viking x2, Hellion  
  121  9:37  Factory  
  127  9:39  Hellion  
  127  9:40  Hellion x2  
  133  9:48  Siege Tank  
  136  9:57  Hellion, Siege Tank  
  136  9:59  Siege Tank  
  144  10:02  Viking  
  144  10:06  Supply Depot, Factory  
  146  10:07  Supply Depot  
  146  10:08  Hellion  
  148  10:23  Hellion x2  
  148  10:28  Hellion  
  144  10:37  Factory Tech Lab  
Show
View Real Time Build Order
Export as new Build Order

Miszu Terran 

Build Orders: 1/1/1, MMM Bio 

Get SALT Encoding   

  12  0:01  SCV  
  13  0:13  SCV  
  14  0:19  Supply Depot  
  14  0:26  SCV  
  15  0:32  Refinery  
  15  0:41  SCV  
  16  0:46  Barracks  
  16  0:53  SCV  
  17  0:57  Refinery  
  17  1:07  SCV  
  18  1:19  SCV  
  20  1:34  Factory  
  20  1:35  Orbital Command  
  20  1:37  Reaper  
  20  1:46  Supply Depot  
  20  2:01  SCV  
  21  2:09  Reaper  
  21  2:13  SCV  
  23  2:19  Starport, Factory Tech Lab  
  25  2:23  Hellion  
  25  2:26  SCV  
  26  2:38  SCV  
  29  2:44  Hellion  
  29  2:45  Reaper  
  30  3:04  Supply Depot  
  30  3:07  Medivac  
  31  3:15  Hellion  
  31  3:16  SCV  
  34  3:24  Command Center  
  34  3:44  Starport Tech Lab  
  34  3:45  Factory Tech Lab  
  34  3:46  Barracks Reactor  
  34  3:47  SCV  
  35  3:52  Supply Depot  
  35  4:00  SCV  
  35  4:32  SCV  
  30  4:38  Cloaking Field, Banshee  
  30  4:41  Command Center  
  30  4:42  Orbital Command  
  31  4:47  SCV  
  32  4:53  Marine x2  
  32  4:58  Siege Tank  
  37  5:00  SCV  
  38  5:08  SCV  
  38  5:11  Marine x2  
  38  5:12  SCV  
  42  5:20  SCV  
  43  5:21  Banshee  
  43  5:24  SCV  
  47  5:30  Barracks  
  47  5:32  SCV  
  47  5:33  Barracks  
  48  5:36  SCV  
  48  5:39  Siege Tank  
  52  5:44  Supply Depot, SCV  
  52  5:48  SCV  
  54  5:51  Supply Depot  
  54  5:52  Orbital Command  
  54  5:56  SCV  
  55  6:00  SCV  
  56  6:06  Marine  
  56  6:07  Marine  
  56  6:08  SCV  
  59  6:12  SCV  
  59  6:13  Engineering Bay x2  
  59  6:16  Starport Reactor  
  57  6:18  Barracks Tech Lab  
  57  6:20  SCV  
  57  6:23  Orbital Command  
  57  6:24  SCV  
  59  6:27  Siege Tank  
  59  6:30  Supply Depot  
  62  6:33  SCV  
  62  6:37  SCV  
  61  6:40  Terran Infantry Weapons Level 1, Terran Infantry Armor Level 1, Refinery x2  
  61  6:41  Marine  
  61  6:43  Marine, Stimpack  
  61  6:45  SCV  
  64  6:49  SCV  
  64  6:52  SCV  
  64  6:53  Marine x2  
  68  6:57  SCV  
  68  7:01  SCV  
  70  7:02  Marine x2  
  70  7:04  SCV  
  73  7:10  SCV  
  73  7:14  Marauder  
  78  7:15  Combat Shields  
  78  7:17  SCV x2  
  78  7:19  Barracks  
  78  7:20  Barracks  
  78  7:21  Marauder  
  78  7:22  SCV  
  81  7:29  SCV x2  
  83  7:32  Missile Turret  
  83  7:33  Missile Turret  
  83  7:34  SCV  
  84  7:37  Missile Turret  
  84  7:38  Supply Depot  
  84  7:41  Supply Depot, SCV x2  
  84  7:42  Marine x2, Marauder  
  84  7:43  Armory  
  90  7:46  SCV  
  87  7:53  SCV x2  
  81  7:58  SCV  
  74  8:08  Marauder, SCV x2  
  74  8:09  Marine x4, Marauder  
  74  8:10  SCV  
  80  8:20  SCV x2  
  80  8:22  Medivac x2  
  80  8:23  SCV  
  80  8:27  Marine x2  
  87  8:32  SCV x2  
  87  8:33  Barracks Reactor  
  91  8:34  Barracks Tech Lab  
  91  8:35  SCV  
  92  8:42  Marauder  
  92  8:43  Marine  
  92  8:44  Marine, SCV x2  
  92  8:47  SCV  
  99  8:52  Marine, Medivac x2  
  99  8:54  Marauder, Concussive Shells  
  106  8:56  SCV x2  
  106  9:01  Marauder  
  110  9:03  Marauder  
  106  9:15  Marauder  
  88  9:29  Marine x5, Marauder  
  90  9:34  Barracks  
  90  9:35  Barracks  
  90  9:36  Marine, Command Center  
  90  9:37  Barracks  
  93  9:47  Marine x5  
  93  9:50  Marine  
  96  9:54  Marauder  
  98  10:00  Medivac  
  98  10:01  Medivac  
  98  10:04  Marine  
  98  10:05  Marine x4, SCV x2  
  98  10:06  SCV  
  110  10:08  Marine  
  110  10:10  Supply Depot  
  110  10:11  Supply Depot  
  110  10:12  Supply Depot  
  111  10:15  Marine  
  111  10:17  SCV x2  
  113  10:22  Marine  
  113  10:23  Marine x2  
Tags
 
Add a new tag
Caveats
  • Supply blocks, unpowered buildings, or Contaminate may cause inaccurate times.
  • Supply counts are checked every 10 seconds.